 Dungeon Crawl Stone Soup version 0.14-a0-759-g26e2352 (webtiles) character file.

182 PolkaDot the Vexing (level 4, 0/30 HPs)
             Began as a Vampire Enchanter on Nov 8, 2013.
             Succumbed to poison (a potion of poison)
             ... on Level 2 of the Dungeon.
             The game lasted 00:08:18 (1831 turns).

PolkaDot the Vexing (Vampire Enchanter)             Turns: 1831, Time: 00:08:18

HP   0/30        AC  5     Str  7      XL: 4   Next: 29%
MP   2/8         EV 12     Int 17      God:
Gold 94          SH  0     Dex 15      Spells:  2 memorised,  1 level left

Res.Fire  : . . .   See Invis. : +   a - +1 dagger
Res.Cold  : . . .   Warding    : .   b - +1 robe
Life Prot.: . . .   Conserve   : .   (no shield)
Res.Poison: .       Res.Corr.  : .   (no helmet)
Res.Elec. : .       Clarity    : .   (no cloak)
Sust.Abil.: . .     Spirit.Shd : .   (no gloves)
Res.Mut.  : .       Stasis     : .   g - +1 pair of boots
Res.Rott. : .       Flight     : .   (no amulet)
Saprovore : . . .                    k - ring of sustenance {unknown}
                                     r - ring of hunger {unknown}

@: regenerating quickly, mildly poisoned, very slightly contaminated, slightly
resistant to hostile enchantments, stealthy
A: fangs 3, see invisible, unbreathing
a: no special abilities


You were on level 2 of the Dungeon.
You were very full.

You visited 1 branch of the dungeon, and saw 3 of its levels.

You collected 94 gold pieces.

Inventory:

Hand weapons
 a - a +1,+1 dagger (weapon)
 i - a +0,+1 short sword of holy wrath
Missiles
 d - 12 darts (quivered)
Armour
 b - a +1 robe (worn)
 g - a +1 pair of boots (worn)
Scrolls
 j - 3 scrolls of blinking {unknown}
 p - a scroll of curse armour {unknown}
 q - 2 scrolls of teleportation {unknown}
Jewellery
 k - a ring of sustenance (right hand) {unknown}
 r - a ring of hunger (left hand) {unknown}
Books
 c - a book of Maledictions

   Spells                             Type                      Level
   *Corona                            Hexes                        1
   Sure Blade                         Hexes/Charms                 2
   Ensorcelled Hibernation            Hexes/Ice                    2
   *Confuse                           Hexes                        3
   Enslavement                        Hexes                        4
   Invisibility                       Hexes                        6


   Skills:
 - Level 3.2 Short Blades
 - Level 0.7 Throwing
 - Level 2.1 Dodging
 + Level 3.9 Stealth
 - Level 1.0 Spellcasting
 * Level 5.7 Hexes


You had one spell level left.
You knew the following spells:

 Your Spells              Type           Power        Failure   Level  Hunger
A - Corona                Hex            ###....      2%          1    ##.....
C - Confuse               Hex            ###.....     10%         3    ####...


Dungeon Overview and Level Annotations

Branches:
Dungeon (3/27)

Altars:


Innate Abilities, Weirdness & Mutations

Your natural rate of healing is unusually fast.
You have razor-sharp teeth.*
You have supernaturally acute eyesight.
You can survive without breathing.*


Message History

As you read the scroll labeled IWKIGA SIABE, it crumbles to dust.
Forget which spell ([?*] list [ESC] exit)?
Okay, then.
It was a scroll of amnesia.
You feel less exhausted.
* * * LOW HITPOINT WARNING * * *
You feel sick. The gnoll misses you.
Read which item? (? for menu, Esc to quit)
As you read the scroll labeled SIDGHOA WIOGIEH, it crumbles to dust.
You hear a loud clanging noise!
It was a scroll of noise.
The gnoll misses you.
Read which item? (? for menu, Esc to quit)
As you read the scroll labeled XUDAJI NIUTOUT, it crumbles to dust.
You feel aware of your surroundings.
It was a scroll of magic mapping.
The gnoll hits you but does no damage.
* * * LOW HITPOINT WARNING * * *
You feel sick.
* * * LOW HITPOINT WARNING * * *
You feel sick.
You die...

###**********,* #..,,,,,,,,,,,*
#.#**********,* #.# *,*
#####.###********,*
#.........,,,,,,,,*
##.###.######*******
####.......g...#####
#.......#@##.....%.#
#.......#.########.#######
#.......#.#.......g..)....
*#######.......#.#.#.#.##.######.
*#...(.....(...#.#.#.#.##.# #.
*#P..........#.#.#.#.#.##.# #.
,+.P...........#.#.#.#.##.# #.
*#......#.###..#.#...#.##.######)
*#.....g#>.....#.#####.##.#.(((..


You could see a gnoll.

Vanquished Creatures
  An adder (D:2)
  3 gnolls
  3 giant geckos
  3 bats (D:1)
  4 giant cockroaches
  6 hobgoblins
  7 kobolds
  12 giant newts
  6 goblins
  A kobold skeleton (D:2)
  An orc skeleton (D:2)
  4 rats
51 creatures vanquished.

Notes
Turn   | Place    | Note
--------------------------------------------------------------
     0 | D:1      | PolkaDot, the Vampire Enchanter, began the quest for the Orb.
     0 | D:1      | Reached XP level 1. HP: 13/13 MP: 4/4
   269 | D:1      | Reached XP level 2. HP: 19/19 MP: 5/5
   879 | D:2      | Reached XP level 3. HP: 13/24 MP: 6/6
  1124 | D:3      | Learned a level 3 spell: Confuse
  1551 | D:2      | Reached skill level 5 in Hexes
  1790 | D:2      | Reached XP level 4. HP: 30/30 MP: 0/8
  1822 | D:2      | HP: 1/30 [poison (a potion of poison)]
  1829 | D:2      | HP: 1/30 [poison (a potion of poison)]
  1831 | D:2      | Succumbed to poison (a potion of poison)

Action                   |  1- 3 |  4- 6 || total
-------------------------+-------+-------++-------
Melee: Dagger            |   212 |    11 ||   223
 Cast: Confuse           |     2 |       ||     2
  Use: Potion            |     3 |     5 ||     8
       Scroll            |       |     4 ||     4
 Stab: Sleeping          |     3 |       ||     3
       Confused          |     1 |       ||     1
